 Dungeon Crawl Stone Soup version 0.25-a0-42-g6c54e25894 (webtiles) character file.

Game seed: 12052843998023257662, levelgen mode: deterministic

138 Peloso the Covered (level 5, -1/47 HPs)
             Began as a Minotaur Fighter on Oct 22, 2019.
             Killed by nerve-wracking pain
             ... invoked by Grinder
              (4 damage)
             ... on level 3 of the Dungeon.
             The game lasted 00:05:43 (1833 turns).

Peloso the Covered (Minotaur Fighter)               Turns: 1833, Time: 00:05:44

Health: -1/47      AC:  8    Str: 20    XL:     5   Next: 1%
Magic:  4/4        EV:  7    Int:  5    God:
Gold:   136        SH:  9    Dex: 11    Spells: 4/4 levels left

rFire    . . .     SeeInvis .   a - +0 long sword
rCold    . . .     Gourm    .   c - +0 shield
rNeg     . . .     Faith    .   b - +0 scale mail
rPois    .         Spirit   .   (helmet restricted)
rElec    .         Reflect  .   (no cloak)
rCorr    .         Harm     .   (no gloves)
MR       .....                  l - +0 pair of boots
Stlth    ..........             (no amulet)
HPRegen  0.15/turn              (no ring)
MPRegen  0.09/turn              (no ring)

@: no status effects
A: retaliatory headbutt, horns 2
a: no special abilities


You were on level 3 of the Dungeon.
You were not hungry.

You visited 1 branch of the dungeon, and saw 3 of its levels.

You collected 136 gold pieces.

Inventory:

Hand Weapons
 a - a +0 long sword (weapon)
Armour
 b - a +0 scale mail (worn)
 c - a +0 shield (worn)
 l - a +0 pair of boots (worn)
Scrolls
 e - a scroll of teleportation {unknown}
 h - 4 scrolls of remove curse {unknown}
 i - a scroll of random uselessness {unknown}
 j - a scroll of fog {unknown}
 k - 2 scrolls of fear {unknown}
 m - 2 scrolls of immolation {unknown}
 n - 3 scrolls of identify {unknown}
 o - a scroll of blinking {unknown}
 p - a scroll of magic mapping {unknown}
 q - 2 scrolls of noise {unknown}
Potions
 d - a potion of might
Comestibles
 f - 2 rations


   Skills:
 + Level 4.5 Fighting
 + Level 3.6 Long Blades
 + Level 4.8 Armour
 + Level 0.2 Dodging
 + Level 4.6 Shields


You had 4 spell levels left.
You didn't know any spells.
Your spell library was empty.

Dungeon Overview and Level Annotations

Branches:
Dungeon (3/15)

Altars:
Fedhas
Kikubaaqudgha
Qazlal

Annotations:
D:3 Grinder


Innate Abilities, Weirdness & Mutations

You reflexively headbutt those who attack you in melee.
You have a pair of horns on your head.


Message History

You resist with significant effort.
You hit Grinder.
Grinder is severely wounded.
Grinder barely misses you.
You hit Grinder but do no damage.
Grinder is severely wounded.
Grinder hits you.
* * * LOW HITPOINT WARNING * * *
You writhe in agony.
* * * LOW HITPOINT WARNING * * *
You hit Grinder.
Grinder is severely wounded.
Grinder hits you but does no damage. You block Grinder's attack.
You closely miss Grinder. You headbutt Grinder, but do no damage.
Grinder is severely wounded.
Grinder blinks!
Grinder blinks!
Grinder gestures at you. Pain shoots through your body!
You die...

#...........###.
#..####...#.# #.#
........).#.# #.# #####
##......#.#.# #.# ....#
.....##.#.#.####.##....#
##.#....#.#............#
#.##.#.#.#..........#####
#.##)#.#.#...............
#.##.#.#.##...5@....#
#.##.#..............# ..
..#####..........# .. ..+
#..........# ..#
#.##'#.###..# ####
#.##.#.# ##.... #.##.#.#
.($.(. .....#.# #...(.#
#.####.# .$...#


You could see Grinder.

Vanquished Creatures
  Natasha (D:2)
  Robin (D:2)
  2 adders
  3 oozes
  A worm (D:2)
  4 dart slugs
  2 leopard geckos (D:2)
  8 bats
  2 giant cockroaches
  8 goblins (D:2)
  11 hobgoblins
  5 jackals (D:2)
  2 frilled lizards
  6 kobolds
  3 rats (D:2)
59 creatures vanquished.

Notes
Turn   | Place    | Note
-------+----------+-------------------------------------------
     0 | D:1      | Peloso the Minotaur Fighter began the quest for the Orb.
     0 | D:1      | Reached XP level 1. HP: 19/19 MP: 0/0
   145 | D:1      | Reached XP level 2. HP: 24/27 MP: 1/1
   606 | D:2      | Noticed Robin
   622 | D:2      | Reached XP level 3. HP: 32/33 MP: 2/2
   638 | D:2      | Killed Robin
   872 | D:2      | Found an ancient bone altar of Kikubaaqudgha.
   987 | D:2      | Noticed Natasha
   991 | D:2      | Killed Natasha
   991 | D:2      | Reached XP level 4. HP: 28/41 MP: 3/3
  1054 | D:2      | Found a blossoming altar of Fedhas.
  1657 | D:3      | Found a stormy altar of Qazlal.
  1658 | D:3      | Found a blossoming altar of Fedhas.
  1759 | D:3      | Reached XP level 5. HP: 29/47 MP: 4/4
  1796 | D:3      | Noticed Grinder
  1801 | D:3      | Paralysed by Grinder for 4 turns
  1820 | D:3      | HP: 2/47 [Grinder (6)]
  1833 | D:3      | Killed from afar by Grinder

Levels and vault maps discovered:
D:1:      nagdon_arrival_zigzag_paths, layout_loops_ring
D:2:      layout_loops_corners, kiku_gazebo_pond_becter, kennysheep_flooded_box,
          st_stairs_5, fedhas_altar_1, uniq_robin, uniq_natasha
D:3:      layout_basic, grunt_temple_overflow_forces_of_nature,
          grunt_gozag_breadcrumbs, nicolae_overflow_hidden_temple, first_ration,
          uniq_grinder

Skill      XL: |  1  2  3 |
---------------+----------+-----
Fighting       | 4 |  4.5
Shields        | 4 |  4.6
Armour         | 4 |  4.8
Long Blades    | 3 |  3.6
Dodging        | |  0.2

Action                   |  1- 3 |  4- 6 || total
-------------------------+-------+-------++-------
Melee: Long sword        |    71 |    76 ||   147
       Headbutt          |     5 |    16 ||    21
Throw: Dart              |       |     7 ||     7
  Use: Potion            |     2 |     6 ||     8
  Eat: Chunk             |       |     3 ||     3
Armor: Scale mail        |    37 |    23 ||    60
Dodge: Dodged            |    22 |    10 ||    32
Block: Shield            |    39 |    38 ||    77
       Rpst.: Long sword |     4 |     3 ||     7

Table legend:
 A = Non-vault XP
 B = Vault XP
 C = Vault XP percentage of total XP
 D = Non-vault monster count
 E = Vault monster count
 F = Vault count percentage of total count
                 A         B        C        D         E       F
            +---------+---------+-------+---------+---------+-------
      Total |     128 |      70 |  35.4 |      45 |      14 |  23.7
            +---------+---------+-------+---------+---------+-------
        D:1 |      32 |       0 |   0.0 |      15 |       0 |   0.0
        D:2 |      63 |      70 |  52.6 |      23 |      14 |  37.8
        D:3 |      33 |       0 |   0.0 |       7 |       0 |   0.0
            +---------+---------+-------+---------+---------+-------
